 Dungeon Crawl Stone Soup version 0.31.0-12-g77e489cdc1 (webtiles) character file.

Game seed: 13196976754308688258

1845 Baz the Trooper (level 9, -3/61 HPs)
             Began as a Djinni Fire Elementalist on Feb 27, 2024.
             Was a Follower of Hepliaklqana.
             Shot with a sling bullet by Joseph (14 damage)
             ... on level 7 of the Dungeon.
             The game lasted 00:07:20 (5725 turns).

Baz the Trooper (Djinni Fire Elementalist)          Turns: 5725, Time: 00:07:20

Health: -3/61      AC:  2    Str:  7    XL:     9   Next: 34%
Gold:   340        EV: 17    Int: 22    God:    Hepliaklqana [*.....] SH:  5 Dex: 13

rFire   + + .        o - +0 dagger (venom)
rCold   + . .        n - +0 buckler
rNeg    . . .        a - +0 robe
rPois   ∞            (no helmet)
rElec   .            (no cloak)
rCorr   +            (no gloves)
SInv    .            (boots unavailable)
Will    .....        (no amulet)
Stlth   ++           k - +5 ring of evasion
HPRegen 0.30/turn    q - ring "Lukemob" {Wiz +Blink rC++ rCorr Slay-6}
MPRegen 0.00/turn

%: wizardry (x1), infuse magic (-4 HP)
@: flying, very slightly contaminated
A: reduced essence, sickness immunity, fire resistance 2, cold vulnerability 1,
float, innate caster, HP casting, extra vitality 1
a: Renounce Religion, Evoke Blink, Recall Ancestor, Ancestor Identity


You were on level 7 of the Dungeon.
You worshipped Hepliaklqana.
Hepliaklqana was aware of your devotion.
You visited 2 branches of the dungeon, and saw 8 of its levels.

You collected 364 gold pieces.
You spent 24 gold pieces at shops.

Inventory:

Hand Weapons
 o - a +0 dagger of venom (weapon)
Armour
 a - a +0 robe (worn)
 n - a +0 buckler (worn)
Magical Staves
 B - a staff of cold
Jewellery
 b - an amulet of faith
 h - a +4 ring of protection
 k - a +5 ring of evasion (left hand)
 q - the ring "Lukemob" (right hand) {Wiz +Blink rC++ rCorr Slay-6}
   (You found it on level 4 of the Dungeon)

   [ring of wizardry]

   Wiz:       It improves your spell success rate.
   Slay-6:    It affects your accuracy & damage with ranged weapons and melee
   (-6).
   rC++:      It greatly protects you from cold.
   +Blink:    It lets you blink.
   rCorr:     It protects you from acid and corrosion.
 v - a +6 ring of intelligence
Wands
 s - a wand of polymorph (3)
 A - a wand of flame (24)
Scrolls
 d - a scroll of poison
 i - a scroll of fog
 l - 3 scrolls of noise
 t - 2 scrolls of revelation
 w - 2 scrolls of blinking
 y - a scroll of teleportation {unknown}
 z - a scroll of vulnerability {unknown}
 D - a scroll of immolation {unknown}
Potions
 c - 2 potions of ambrosia {unknown}
 e - 2 potions of mutation {unknown}
 f - 4 potions of curing {unknown}
 g - 2 potions of enlightenment {unknown}
 j - a potion of might {unknown}
 m - 2 potions of heal wounds {unknown}
 r - 3 potions of degeneration {unknown}
 u - 2 potions of berserk rage {unknown}
 x - a potion of haste {unknown}
 C - a potion of magic {unknown}


   Skills:
 * Level 7.3 Fighting
 - Level 3.0 Dodging
 - Level 2.0 Stealth
 + Level 4.5 Shields
 * Level 6.2 Spellcasting
 * Level 6.2 Conjurations
 * Level 6.2 Hexes
   Level 0.0 Charms
 * Level 6.2 Summonings
 * Level 6.2 Necromancy
 * Level 6.2 Translocations
   Level 0.0 Transmutations
 * Level 6.2 Fire Magic
 * Level 6.2 Ice Magic
 * Level 6.2 Air Magic
 * Level 6.2 Earth Magic
 * Level 6.2 Alchemy


You knew the following spells:

 Your Spells              Type           Power      Damage    Failure   Level
a - Foxfire               Conj/Fire      100%       2x1d9     1%          1
b - Scorch                Fire           68%        2d7       1%          2
c - Volatile Blastmotes   Fire/Tloc      68%        2d15      1%          3
d - Inner Flame           Hex/Fire       34%        N/A       1%          3
e - Flame Wave            Conj/Fire      34%        2d10      4%          4
f - Summon Small Mammal   Summ           100%       N/A       1%          1
g - Jinxbite              Hex            68%        N/A       1%          2
h - Lesser Beckoning      Tloc           68%        N/A       1%          2
i - Summon Blazeheart Go  Fire/Summ      34%        N/A       4%          4
Your spell library was empty.

Dungeon Overview and Level Annotations

Branches:
Dungeon (7/15)             Temple (1/1) D:4

Altars:
Dithmenos
Fedhas
Gozag
Hepliaklqana
Makhleb
Nemelex Xobeh
Qazlal
Ru
Trog
Uskayaw
Wu Jian
Yredelemnul
Zin
The Shining One

Shops:
D:2 ?   D:7 *

Annotations:
D:7 Joseph, Pikel


Innate Abilities, Weirdness & Mutations

Your life essence is reduced to manifest your ancestor. (-10% HP)
You are immune to sickness and miasma.
You are immune to poison.
Your flesh is very heat resistant. (rF++)
You are vulnerable to cold. (rC-)
You float through the air rather than walking.
You learn spells naturally, not from books.
Your magical power is your life essence.
You have superior vitality. (+4 MHP)


Message History

The flame wave engulfs Joseph.
Joseph is heavily wounded.
The flame wave engulfs the lemure.
The lemure is almost dead.
You feel a bit more experienced.
The flame wave engulfs Pikel.
Pikel is lightly wounded.
The flame wave engulfs the lemure!
The lemure is almost dead.
You feel a bit more experienced.
You finish channelling waves of flame.
You hear a shout!
Joseph shoots a sling bullet.
The sling bullet closely misses Aahotepre.
The sling bullet completely misses you.
An orc wizard comes into view. It is wielding a +0 dagger.
Aahotepre barely misses the lemure.
The lemure hits Aahotepre but does no damage.
Unknown command.
Casting: Flame Wave (dangerous; 4% risk of failure)
Confirm with . or Enter, or press ? or * to list all spells.
Casting: Flame Wave (dangerous; 4% risk of failure)
Press: ? - help, Dir - look around, f - activate A wave of flame ripples out!
Aahotepre avoids your attack. (Press . to intensify the flame waves.) Joseph shoots a sling bullet.
The sling bullet closely misses Aahotepre.
The sling bullet hits you!!
* * * LOW HITPOINT WARNING * * *
Aahotepre hits the lemure.
The lemure hits Aahotepre.
A wave of flame ripples out!
Aahotepre avoids your attack.
The flame wave engulfs Joseph.
Joseph is heavily wounded.
The flame wave engulfs the orc.
The orc is moderately wounded.
The flame wave engulfs the lemure!
You kill the lemure!
That felt strangely unrewarding.
* * * LOW HITPOINT WARNING * * *
Joseph shoots a sling bullet.
The sling bullet misses Aahotepre.
The sling bullet hits you!
You die...

#.# #.# #.# .
#.# .. #.# ...
#.# .... #.#
K....
.######.#@5....
oJB..o.@R)o....
.######.#####.#
..# ####


You could see the friendly Aahotepre the ancestor, Joseph, Pikel, a lemure, a
bombardier beetle, a jelly, an orc priest, an orc wizard and an orc (ally
target).

Vanquished Creatures
  An acid dragon (D:6)
  2 sky beasts
  2 orc warriors
  An ice beast (D:7)
  2 ogres
  A centaur (D:5)
  3 lemures (D:7)
  2 phantoms
  A bullfrog (D:4)
  3 wights (D:6)
  2 howler monkeys
  A jelly (D:2)
  3 hounds
  2 orc priests
  A sleepcap (D:4)
  An orc wizard (D:5)
  6 gnolls
  7 adders
  A white imp (D:6)
  6 ufetubi (D:6)
  2 dart slugs (D:4)
  2 ribbon worms
  23 orcs
  4 ball pythons
  7 endoplasms
  2 giant cockroaches
  7 goblins
  7 hobgoblins
  5 jackals
  7 kobolds
  5 quokkas
  3 bats
  3 frilled lizards
  4 rats
129 creatures vanquished.

Vanquished Creatures (collateral kills)
  An orc priest (D:7)
  A sleepcap (D:6)
  A gnoll (D:6)
  An orc (D:6)
4 creatures vanquished.

Vanquished Creatures (others)
  An orc wizard (D:5)
  An orc (D:5)
  661 foxfires
663 creatures vanquished.

Grand Total: 796 creatures vanquished

Notes
Turn   | Place    | Note
-------+----------+-------------------------------------------
     0 | D:1      | Baz the Djinni Fire Elementalist began the quest for the
                  | Orb.
     0 | D:1      | Baz set off with the following spells memorised: Foxfire,
                  | Scorch, Volatile Blastmotes, Inner Flame, Flame Wave.
     0 | D:1      | Reached XP level 1. HP: 15/15 MP: 0/0
   138 | D:1      | Reached XP level 2. HP: 15/21 MP: 0/0
   616 | D:2      | You are sucked into a shaft and drop 1 floor!
   670 | D:2      | Reached skill level 1 in Fighting
   670 | D:2      | Reached XP level 3. HP: 21/27 MP: 0/0
   670 | D:2      | Learned a level 1 spell: Summon Small Mammal
   670 | D:2      | Reached XP level 4. HP: 26/32 MP: 0/0
   818 | D:2      | Found Veolauq's Magic Scroll Emporium.
   824 | D:2      | Bought a scroll of identify for 24 gold pieces
  1555 | D:3      | Found an ornate altar of the Wu Jian Council.
  1691 | D:3      | Found a blossoming altar of Fedhas.
  2022 | D:3      | Reached skill level 2 in Fighting
  2088 | D:4      | Reached XP level 5. HP: 37/38 MP: 0/0
  2088 | D:4      | Learned a level 2 spell: Jinxbite
  2207 | D:4      | Noticed a sky beast
  2215 | D:4      | Killed a sky beast
  2216 | D:4      | Reached skill level 3 in Fighting
  2216 | D:4      | Reached skill level 1 in Shields
  2216 | D:4      | Reached XP level 6. HP: 39/46 MP: 0/0
  2376 | D:4      | Found a shadowy altar of Dithmenos.
  2602 | D:4      | Found a staircase to the Ecumenical Temple.
  2976 | D:4      | Reached skill level 4 in Fighting
  2976 | D:4      | Reached XP level 7. HP: 47/52 MP: 0/0
  2976 | D:4      | Learned a level 2 spell: Lesser Beckoning
  3207 | D:4      | Identified the ring "Lukemob" {Wiz +Blink rC++ rCorr
                  | Slay-6}
  3495 | Temple   | Entered the Ecumenical Temple
  3529 | Temple   | Became a worshipper of Hepliaklqana the Forgotten
  3572 | D:5      | Entered Level 5 of the Dungeon
  3664 | D:5      | Reached XP level 8. HP: 38/58 MP: 0/0
  3712 | D:5      | Reached skill level 5 in Fighting
  3712 | D:5      | Reached skill level 5 in Spellcasting
  3712 | D:5      | Reached skill level 5 in Conjurations
  3712 | D:5      | Reached skill level 5 in Hexes
  3712 | D:5      | Reached skill level 5 in Summonings
  3712 | D:5      | Reached skill level 5 in Necromancy
  3712 | D:5      | Reached skill level 5 in Translocations
  3712 | D:5      | Reached skill level 5 in Fire Magic
  3712 | D:5      | Reached skill level 5 in Ice Magic
  3712 | D:5      | Reached skill level 5 in Air Magic
  3712 | D:5      | Reached skill level 5 in Earth Magic
  3712 | D:5      | Reached skill level 5 in Alchemy
  3830 | D:5      | Found an opulent altar of Gozag.
  4151 | D:5      | Reached * piety under Hepliaklqana
  4297 | D:5      | Found a basalt altar of Yredelemnul.
  4340 | D:5      | Noticed a profane servitor
  4348 | D:5      | Found a glowing golden altar of the Shining One.
  4350 | D:5      | Noticed an angel
  4654 | D:6      | Reached skill level 6 in Fighting
  4913 | D:6      | Reached XP level 9. HP: 38/60 MP: 0/0
  4913 | D:6      | Learned a level 4 spell: Summon Blazeheart Golem
  5043 | D:6      | Found a burning altar of Makhleb.
  5157 | D:6      | Reached skill level 7 in Fighting
  5693 | D:7      | Found Lylu's Assorted Antiques.
  5711 | D:7      | Noticed Joseph
  5711 | D:7      | Noticed Pikel
  5725 | D:7      | Shot with a sling bullet by Joseph

Illustrated notes

Levels and vault maps discovered:
D:1:      lightli_arrival_maybe_door_vault, layout_rooms
D:2:      layout_basic, serial_shops, shop, minmay_stone_trees_small,
          minmay_misc_feat_doors, minmay_tiny_reverse_x
D:3:      layout_basic, nzn_wu_jian_contemplation, amcnicky_altar_gilded,
          hangedman_decor_clover_reticule
D:4:      layout_layer_cave, mainiacjoe_overflow_24_doors,
          mainiacjoe_overflow_catwalk_spiral, temple_doors_e, minmay_bisected
D:5:      layout_cave_pools, mainiacjoe_overflow_small_starburst,
          grunt_temple_overflow_holy_war, serial_column_ruins,
          column_ruins_corridor_corner, column_ruins_columns_dead_end,
          column_ruins_open_tiny, column_ruins_open_large,
          column_ruins_corridor_straight, column_ruins_open_large
D:6:      nicolae_cairo_tiling_very_big, layout_basic, general_overflow_altar
D:7:      layout_basic, serial_shops, shop, shop, nicolae_shop_crystal,
          nicolae_shop_bloodbath_and_beyond, shop, minmay_ruffians, uniq_pikel,
          uniq_joseph
Temple:   hellmonk_temple_flake

Skill      XL: |  1  2  3  4  5  6  7  8  9 |
---------------+----------------------------+-----
Stealth        | 2 |  2.0
Fighting       | 1 2 3 4 6 7 |  7.3
Dodging        | 3 |  3.0
Shields        | 1 2 4 |  4.5
Spellcasting   | 4 5 6 |  6.2
Conjurations   | 4 5 6 |  6.2
Hexes          | 4 5 6 |  6.2
Summonings     | 4 5 6 |  6.2
Necromancy     | 4 5 6 |  6.2
Translocations | 4 5 6 |  6.2
Fire Magic     | 4 5 6 |  6.2
Ice Magic      | 4 5 6 |  6.2
Air Magic      | 4 5 6 |  6.2
Earth Magic    | 4 5 6 |  6.2
Alchemy        | 4 5 6 |  6.2

Action                     |  1- 3 |  4- 6 |  7- 9 || total
---------------------------+-------+-------+-------++-------
   Cast: Foxfire           |    50 |   174 |   161 ||   385
         Scorch            |       |     1 |    24 ||    25
         Flame Wave        |       |       |     9 ||     9
    Use: Scroll            |       |     3 |     2 ||     5
 Armour: Robe              |     1 |     3 |     8 ||    12
  Dodge: Dodged            |     5 |     8 |    13 ||    26
  Block: Buckler           |       |       |     1 ||     1
